[ AOE2 MATCH · #470053475 ]
UnrankedBulgarians vs Malians
[ REPLAY ANALYSIS · EXTRACTED FROM THE RECORDED GAME ]
Feudal
12:56
Castle
16:34
Imperial
32:22
| APM avg | 44.4 |
| APM peak | 75 |
| eAPM avg | 31.2 |
| Villagers / military | 193 / 172 |
Focus
⚔️ 35.5% · 🌾 64.5%
Knight ×132 · Konnik ×14 · Fishing Ship ×14 · Trebuchet (Packed) ×13 · Militia ×11 · Monk ×2
Feudal
13:53
Castle
17:25
Imperial
35:44
| APM avg | 56.4 |
| APM peak | 96 |
| eAPM avg | 26.8 |
| Villagers / military | 167 / 108 |
Focus
⚔️ 32.1% · 🌾 67.9%
Gbeto ×102 · Fishing Ship ×7 · Mangonel ×3 · Trebuchet (Packed) ×3 · Unknown (2626) ×1
Feudal
14:19
Castle
19:55
Imperial
35:27
| APM avg | 28.9 |
| APM peak | 55 |
| eAPM avg | 15.8 |
| Villagers / military | 108 / 51 |
Focus
⚔️ 27.4% · 🌾 72.6%
Jaguar Warrior ×28 · Fishing Ship ×15 · Skirmisher ×14 · Trebuchet (Packed) ×6 · Unknown (2626) ×4 · Mangonel ×3
Feudal
14:47
Castle
18:24
Imperial
35:29
| APM avg | 53.1 |
| APM peak | 95 |
| eAPM avg | 36.9 |
| Villagers / military | 206 / 107 |
Focus
⚔️ 33.3% · 🌾 66.7%
Spearman ×79 · Fishing Ship ×15 · Petard ×13 · Fire Galley ×9 · Unknown (2626) ×6 · Longbowman ×4
Feudal
12:33
Castle
22:33
Imperial
—
| APM avg | 36.1 |
| APM peak | 92 |
| eAPM avg | 21.2 |
| Villagers / military | 132 / 43 |
Focus
⚔️ 23.5% · 🌾 76.5%
Archer ×36 · Fishing Ship ×8 · Unknown (2626) ×7 · Fire Galley ×5 · Galley ×2
Feudal
13:28
Castle
19:57
Imperial
34:23
| APM avg | 36.9 |
| APM peak | 61 |
| eAPM avg | 20.7 |
| Villagers / military | 167 / 57 |
Focus
⚔️ 32.8% · 🌾 67.2%
Cavalry Archer ×28 · Scout Cavalry ×11 · Fishing Ship ×10 · Monaspa ×7 · Monk ×3 · Mangonel ×3
Match map
Initial resources + every placement click. Lines = walls · curves = elevation contours. ◆ gold · ⬟ stone · ● berries · ✦ relic · ◌ wall gap
Your base· Open — unwalled flank
NuMa | Toth's base· Open — unwalled flank
Matzeking's base· Open — 8t gap
El Relojón's base· Open — 4t gap
GingerSnap57's base· Open — unwalled flank
Hágamelo Llegar's base· Open — 3t gap
Smoothed initial terrain · ◌ = detected wall gap · hover for details
Inputs per minute
— Eärnur - - NuMa | Toth
Build order — Eärnur
First 150 of 475 actions detected
| 0:23 | Build | Town Center |
| 1:55 | Build | Dock |
| 1:57 | Build | House |
| 1:57 | Build | House |
| 2:37 | Create | Villager (Male) |
| 2:37 | Create | Villager (Male) |
| 2:37 | Create | Villager (Male) |
| 2:37 | Create | Villager (Male) |
| 4:10 | Create | Villager (Male) |
| 4:10 | Create | Villager (Male) |
| 4:13 | Create | Fishing Ship |
| 4:13 | Create | Fishing Ship |
| 4:45 | Create | Villager (Male) |
| 4:45 | Create | Villager (Male) |
| 4:53 | Build | House |
| 5:17 | Create | Villager (Male) |
| 5:17 | Create | Villager (Male) |
| 5:32 | Create | Fishing Ship |
| 5:33 | Create | Fishing Ship |
| 5:35 | Create | Villager (Male) |
| 5:35 | Create | Villager (Male) |
| 5:59 | Build | House |
| 6:02 | Create | Villager (Male) |
| 6:27 | Create | Villager (Male) |
| 6:28 | Create | Villager (Male) |
| 6:30 | Create | Fishing Ship |
| 6:30 | Create | Fishing Ship |
| 6:57 | Create | Villager (Male) |
| 7:02 | Build | House |
| 7:06 | Create | Villager (Male) |
| 7:22 | Create | Fishing Ship |
| 7:22 | Create | Fishing Ship |
| 7:36 | Create | Villager (Male) |
| 7:36 | Create | Villager (Male) |
| 7:38 | Create | Villager (Male) |
| 8:04 | Create | Fishing Ship |
| 8:08 | Build | House |
| 8:22 | Create | Villager (Male) |
| 8:30 | Create | Villager (Male) |
| 8:46 | Create | Fishing Ship |
| 9:17 | Create | Villager (Male) |
| 9:21 | Build | Mill |
| 9:26 | Create | Villager (Male) |
| 9:27 | Create | Fishing Ship |
| 9:57 | Build | House |
| 10:02 | Create | Villager (Male) |
| 10:42 | Research | Feudal Age |
| 10:42 | Research | Feudal Age |
| 11:00 | Build | Mining Camp |
| 11:09 | Create | Fishing Ship |
| 11:30 | Build | Dock |
| 11:35 | Create | Villager (Male) |
| 11:39 | Create | Villager (Male) |
| 11:46 | Create | Fishing Ship |
| 12:56 | Age | Feudal Age |
| 13:00 | Build | Market |
| 13:12 | Build | Blacksmith |
| 13:54 | Research | Castle Age |
| 13:54 | Research | Castle Age |
| 13:58 | Build | House |
| 14:21 | Build | Dock |
| 14:33 | Research | Loom |
| 15:24 | Build | Lumber Camp |
| 15:29 | Build | House |
| 15:36 | Create | Fishing Ship |
| 15:45 | Research | Double-Bit Axe |
| 15:46 | Research | Double-Bit Axe |
| 15:52 | Build | House |
| 15:53 | Build | House |
| 16:03 | Research | Tech 906 |
| 16:03 | Research | Tech 906 |
| 16:13 | Create | Villager (Male) |
| 16:34 | Age | Castle Age |
| 16:37 | Create | Villager (Male) |
| 16:41 | Build | Town Center |
| 17:16 | Research | Gillnets |
| 17:25 | Create | Villager (Male) |
| 17:41 | Build | Town Center |
| 17:51 | Create | Villager (Male) |
| 18:09 | Create | Villager (Male) |
| 18:09 | Create | Villager (Male) |
| 18:17 | Research | Bow Saw |
| 18:17 | Research | Bow Saw |
| 18:18 | Create | Villager (Male) ×5 |
| 18:38 | Create | Villager (Male) |
| 18:39 | Create | Villager (Male) |
| 18:50 | Create | Villager (Male) |
| 18:51 | Create | Villager (Male) |
| 18:58 | Research | Wheelbarrow |
| 18:58 | Research | Wheelbarrow |
| 19:00 | Create | Villager (Male) ×2 |
| 19:14 | Create | Villager (Male) |
| 19:26 | Build | Town Center |
| 19:27 | Create | Villager (Male) ×3 |
| 19:34 | Create | Villager (Male) |
| 19:34 | Create | Villager (Male) |
| 19:41 | Research | Horse Collar |
| 19:41 | Research | Horse Collar |
| 19:48 | Create | Villager (Male) |
| 20:06 | Create | Villager (Male) ×2 |
| 20:08 | Build | Farm |
| 20:12 | Create | Villager (Male) |
| 20:12 | Create | Villager (Male) |
| 20:17 | Build | Monastery |
| 20:18 | Create | Villager (Male) |
| 20:28 | Create | Villager (Male) |
| 20:34 | Create | Villager (Male) ×2 |
| 20:35 | Build | Farm |
| 20:36 | Build | Farm |
| 20:51 | Create | Villager (Male) |
| 21:01 | Build | Palisade Gate |
| 21:10 | Create | Villager (Male) ×4 |
| 21:12 | Create | Monk |
| 21:14 | Build | Farm |
| 21:18 | Build | Dock |
| 21:22 | Create | Villager (Male) |
| 21:37 | Build | Farm |
| 21:38 | Build | Farm |
| 21:39 | Build | Farm |
| 21:45 | Create | Villager (Male) |
| 21:50 | Create | Villager (Male) ×2 |
| 21:55 | Research | Town Watch |
| 21:55 | Research | Town Watch |
| 21:56 | Create | Villager (Male) ×4 |
| 21:59 | Build | Barracks |
| 22:01 | Build | Farm |
| 22:02 | Build | Farm |
| 22:04 | Create | Villager (Male) |
| 22:05 | Create | Villager (Male) |
| 22:09 | Create | Villager (Male) ×2 |
| 22:16 | Create | Monk |
| 22:22 | Build | Farm |
| 22:26 | Build | Lumber Camp |
| 22:29 | Create | Villager (Male) |
| 22:48 | Research | Scale Barding Armor |
| 22:48 | Research | Scale Barding Armor |
| 22:49 | Create | Villager (Male) ×2 |
| 22:55 | Create | Villager (Male) |
| 22:55 | Create | Villager (Male) |
| 23:01 | Build | Stable |
| 23:02 | Create | Villager (Male) |
| 23:03 | Create | Villager (Male) |
| 23:06 | Create | Villager (Male) |
| 23:06 | Create | Villager (Male) |
| 23:10 | Create | Villager (Male) |
| 23:13 | Build | House |
| 23:14 | Build | House |
| 23:16 | Build | House |
| 23:16 | Build | House |
| 23:22 | Create | Villager (Male) |
Build order — NuMa | Toth
First 150 of 471 actions detected
| 0:51 | Build | Town Center |
| 1:19 | Build | Dock |
| 1:58 | Build | House |
| 2:54 | Create | Villager (Male) |
| 2:54 | Create | Villager (Male) |
| 2:55 | Create | Villager (Male) |
| 2:58 | Create | Villager (Male) |
| 2:58 | Create | Villager (Male) |
| 3:51 | Create | Fishing Ship |
| 3:51 | Create | Fishing Ship |
| 4:19 | Build | House |
| 4:26 | Create | Villager (Male) |
| 4:26 | Create | Villager (Male) |
| 4:31 | Build | House |
| 5:03 | Create | Villager (Male) |
| 5:03 | Create | Villager (Male) |
| 5:19 | Create | Villager (Male) |
| 5:20 | Create | Villager (Male) |
| 5:44 | Create | Villager (Male) |
| 5:45 | Create | Villager (Male) |
| 6:03 | Build | House |
| 6:05 | Create | Villager (Male) |
| 6:06 | Create | Villager (Male) |
| 6:22 | Create | Fishing Ship |
| 6:31 | Create | Villager (Male) |
| 6:31 | Create | Villager (Male) |
| 6:56 | Create | Villager (Male) |
| 6:57 | Create | Villager (Male) |
| 7:05 | Create | Fishing Ship |
| 7:14 | Create | Villager (Male) |
| 7:28 | Create | Villager (Male) |
| 7:28 | Create | Villager (Male) |
| 7:43 | Build | House |
| 7:44 | Build | House |
| 7:49 | Create | Villager (Male) |
| 7:49 | Create | Villager (Male) |
| 8:06 | Create | Fishing Ship |
| 8:08 | Create | Villager (Male) |
| 8:08 | Create | Villager (Male) |
| 8:24 | Create | Villager (Male) |
| 8:25 | Create | Villager (Male) |
| 9:02 | Create | Fishing Ship |
| 9:04 | Create | Villager (Male) |
| 9:05 | Create | Villager (Male) |
| 9:05 | Create | Villager (Male) |
| 9:14 | Create | Villager (Male) |
| 9:15 | Create | Villager (Male) |
| 9:17 | Create | Villager (Male) |
| 9:17 | Create | Villager (Male) |
| 9:19 | Create | Fishing Ship |
| 9:25 | Create | Villager (Male) |
| 9:25 | Create | Villager (Male) |
| 9:34 | Create | Villager (Male) |
| 9:35 | Create | Villager (Male) |
| 10:22 | Build | Mill |
| 10:35 | Build | House |
| 11:00 | Build | Mining Camp |
| 11:16 | Build | Mining Camp |
| 11:21 | Research | Feudal Age |
| 11:22 | Research | Feudal Age |
| 11:52 | Research | Loom |
| 11:52 | Research | Loom |
| 13:46 | Create | Villager (Male) |
| 13:46 | Create | Villager (Male) |
| 13:53 | Age | Feudal Age |
| 13:55 | Build | Blacksmith |
| 13:56 | Build | Market |
| 14:01 | Build | Outpost |
| 14:04 | Research | Town Watch |
| 14:09 | Build | Lumber Camp |
| 14:45 | Research | Castle Age |
| 14:45 | Research | Castle Age |
| 14:50 | Build | Outpost |
| 15:29 | Create | Unit 2626 |
| 15:54 | Research | Double-Bit Axe |
| 15:54 | Research | Double-Bit Axe |
| 16:24 | Research | Horse Collar |
| 16:25 | Research | Horse Collar |
| 17:09 | Create | Villager (Male) |
| 17:10 | Build | House |
| 17:16 | Build | House |
| 17:19 | Create | Villager (Male) |
| 17:25 | Age | Castle Age |
| 17:37 | Build | Castle |
| 17:43 | Create | Villager (Male) |
| 18:32 | Create | Gbeto |
| 18:33 | Create | Gbeto |
| 18:33 | Create | Gbeto |
| 18:56 | Create | Gbeto |
| 18:59 | Create | Villager (Male) |
| 19:19 | Create | Villager (Male) |
| 19:25 | Build | Town Center |
| 19:27 | Create | Villager (Male) |
| 19:27 | Create | Villager (Male) |
| 19:34 | Create | Gbeto |
| 19:52 | Create | Villager (Male) |
| 19:55 | Build | Farm |
| 20:02 | Create | Gbeto |
| 20:31 | Create | Villager (Male) |
| 20:31 | Create | Villager (Male) |
| 20:39 | Create | Gbeto |
| 20:42 | Create | Gbeto |
| 20:56 | Create | Villager (Male) |
| 20:56 | Create | Villager (Male) |
| 20:57 | Build | Farm |
| 20:58 | Build | Farm |
| 21:00 | Build | Farm |
| 21:01 | Build | Farm |
| 21:02 | Research | Heavy Plow |
| 21:03 | Research | Heavy Plow |
| 21:24 | Create | Villager (Male) |
| 21:25 | Create | Villager (Male) |
| 21:47 | Create | Villager (Male) |
| 21:47 | Create | Villager (Male) |
| 21:47 | Create | Villager (Male) |
| 21:48 | Build | Farm |
| 21:49 | Build | Farm |
| 22:00 | Build | Siege Workshop |
| 22:06 | Build | Farm |
| 22:11 | Create | Villager (Male) |
| 22:12 | Create | Villager (Male) |
| 22:22 | Build | Farm |
| 22:46 | Create | Gbeto |
| 22:46 | Create | Gbeto |
| 22:50 | Create | Villager (Male) |
| 22:50 | Create | Villager (Male) |
| 22:54 | Build | Farm |
| 22:59 | Create | Gbeto |
| 22:59 | Create | Gbeto |
| 23:06 | Create | Mangonel |
| 23:30 | Build | House |
| 23:31 | Create | Mangonel |
| 23:33 | Create | Villager (Male) |
| 23:33 | Create | Villager (Male) |
| 23:36 | Build | Farm |
| 23:38 | Build | Farm |
| 23:43 | Create | Villager (Male) |
| 23:44 | Create | Villager (Male) |
| 23:45 | Create | Villager (Male) |
| 23:47 | Build | Farm |
| 24:12 | Create | Gbeto |
| 24:13 | Create | Gbeto |
| 24:19 | Create | Villager (Male) |
| 24:19 | Create | Villager (Male) |
| 24:34 | Create | Villager (Male) |
| 24:34 | Create | Villager (Male) |
| 24:37 | Create | Gbeto |
| 24:48 | Create | Gbeto |
| 24:57 | Create | Villager (Male) |
| 24:57 | Create | Villager (Male) |
Build order — Matzeking
First 150 of 313 actions detected
| 0:46 | Build | Town Center |
| 1:38 | Build | Dock |
| 1:40 | Build | House |
| 2:56 | Create | Villager (Male) |
| 2:56 | Create | Villager (Male) |
| 2:56 | Create | Villager (Male) |
| 3:48 | Create | Villager (Male) |
| 4:07 | Create | Fishing Ship |
| 4:47 | Create | Fishing Ship |
| 5:02 | Create | Villager (Male) |
| 6:59 | Create | Villager (Male) |
| 6:59 | Create | Villager (Male) |
| 6:59 | Create | Villager (Male) |
| 6:59 | Create | Villager (Male) |
| 7:00 | Create | Villager (Male) |
| 7:00 | Create | Villager (Male) |
| 7:17 | Build | House |
| 7:29 | Create | Fishing Ship |
| 7:42 | Build | House |
| 8:18 | Build | House |
| 8:50 | Create | Fishing Ship |
| 9:08 | Build | House |
| 9:08 | Build | House |
| 9:28 | Create | Fishing Ship |
| 9:58 | Create | Villager (Male) |
| 9:59 | Create | Fishing Ship |
| 10:34 | Create | Villager (Male) |
| 10:49 | Build | Outpost |
| 10:58 | Create | Villager (Male) |
| 10:59 | Create | Fishing Ship |
| 11:22 | Build | Outpost |
| 11:24 | Create | Villager (Male) |
| 11:35 | Build | Mill |
| 11:43 | Create | Fishing Ship |
| 12:01 | Build | Outpost |
| 12:09 | Research | Feudal Age |
| 13:14 | Build | Dock |
| 13:43 | Build | Outpost |
| 14:14 | Create | Villager (Male) |
| 14:19 | Age | Feudal Age |
| 14:21 | Build | Blacksmith |
| 14:26 | Create | Unit 2626 |
| 14:35 | Create | Villager (Male) |
| 14:48 | Build | Lumber Camp |
| 15:04 | Create | Villager (Male) |
| 15:10 | Build | House |
| 15:20 | Research | Loom |
| 15:41 | Build | House |
| 15:42 | Create | Villager (Male) |
| 16:14 | Build | Market |
| 16:24 | Create | Villager (Male) |
| 16:32 | Research | Double-Bit Axe |
| 16:50 | Create | Villager (Male) |
| 16:58 | Build | Mining Camp |
| 17:12 | Research | Castle Age |
| 17:29 | Build | Stone Wall |
| 17:33 | Build | Gate |
| 17:51 | Build | Gate |
| 18:01 | Create | Fishing Ship |
| 18:02 | Create | Fishing Ship |
| 19:53 | Create | Villager (Male) |
| 19:55 | Age | Castle Age |
| 20:16 | Create | Villager (Male) |
| 20:19 | Research | Bow Saw |
| 20:24 | Build | Outpost |
| 20:49 | Build | Castle |
| 20:51 | Create | Villager (Male) |
| 21:06 | Create | Villager (Male) |
| 21:32 | Create | Villager (Male) |
| 21:45 | Create | Jaguar Warrior |
| 21:46 | Create | Jaguar Warrior |
| 22:00 | Build | Town Center |
| 22:06 | Build | Siege Workshop |
| 22:12 | Build | Siege Workshop |
| 22:12 | Create | Villager (Male) |
| 22:13 | Create | Jaguar Warrior |
| 22:23 | Create | Villager (Male) |
| 22:28 | Create | Jaguar Warrior |
| 22:37 | Research | Scale Mail Armor |
| 22:57 | Create | Villager (Male) |
| 22:59 | Create | Jaguar Warrior |
| 22:59 | Create | Jaguar Warrior |
| 23:00 | Create | Villager (Male) |
| 23:19 | Create | Villager (Male) |
| 23:29 | Build | Dock |
| 23:32 | Create | Fishing Ship |
| 23:32 | Create | Fishing Ship |
| 23:33 | Create | Villager (Male) |
| 23:47 | Create | Villager (Male) |
| 23:49 | Create | Mangonel |
| 23:56 | Create | Villager (Male) |
| 24:01 | Build | Outpost |
| 24:04 | Create | Jaguar Warrior |
| 24:13 | Build | Farm |
| 24:14 | Build | Farm |
| 24:14 | Build | Farm |
| 24:14 | Build | Farm |
| 24:14 | Build | Farm |
| 24:14 | Build | Farm |
| 24:16 | Create | Villager (Male) |
| 24:21 | Build | Mill |
| 24:23 | Create | Villager (Male) |
| 24:29 | Create | Villager (Male) |
| 24:49 | Create | Fishing Ship |
| 24:49 | Create | Fishing Ship |
| 24:49 | Create | Fishing Ship |
| 24:50 | Create | Villager (Male) |
| 24:59 | Build | Dock |
| 25:15 | Create | Villager (Male) |
| 25:22 | Build | Outpost |
| 25:28 | Build | Outpost |
| 25:33 | Create | Villager (Male) |
| 25:34 | Create | Villager (Male) |
| 25:34 | Create | Villager (Male) |
| 25:45 | Create | Mangonel |
| 25:46 | Create | Mangonel |
| 25:50 | Create | Villager (Male) |
| 25:55 | Build | House |
| 26:01 | Create | Villager (Male) |
| 26:04 | Research | Horse Collar |
| 26:08 | Build | Farm |
| 26:08 | Build | Farm |
| 26:09 | Build | Farm |
| 26:09 | Build | Farm |
| 26:16 | Create | Villager (Male) |
| 26:36 | Create | Villager (Male) |
| 26:39 | Create | Villager (Male) |
| 26:46 | Create | Unit 2626 |
| 26:46 | Create | Unit 2626 |
| 26:46 | Create | Unit 2626 |
| 26:53 | Create | Villager (Male) |
| 27:07 | Create | Villager (Male) |
| 27:08 | Create | Jaguar Warrior |
| 27:09 | Create | Jaguar Warrior |
| 27:15 | Create | Villager (Male) |
| 27:29 | Create | Villager (Male) |
| 27:39 | Build | House |
| 27:40 | Build | House |
| 28:10 | Create | Villager (Male) |
| 28:17 | Build | Farm |
| 28:17 | Build | Farm |
| 28:17 | Build | Farm |
| 28:18 | Build | Farm |
| 28:18 | Build | Farm |
| 28:18 | Build | Farm |
| 28:20 | Create | Villager (Male) |
| 28:23 | Build | Farm |
| 28:23 | Build | Farm |
| 28:23 | Build | Farm |
| 28:23 | Build | Farm |
Build order — El Relojón
First 150 of 532 actions detected
| 0:03 | Build | Town Center |
| 0:42 | Build | Dock |
| 0:44 | Build | House |
| 2:16 | Build | Palisade Wall |
| 2:20 | Build | Palisade Wall |
| 2:25 | Build | Palisade Wall |
| 2:31 | Create | Villager (Male) ×4 |
| 2:31 | Create | Villager (Male) ×4 |
| 2:36 | Research | Loom |
| 2:37 | Research | Loom |
| 2:37 | Research | Loom |
| 2:52 | Build | Palisade Wall |
| 3:08 | Build | House |
| 3:09 | Create | Villager (Male) |
| 3:09 | Create | Villager (Male) ×2 |
| 3:09 | Create | Villager (Male) ×2 |
| 4:35 | Create | Fishing Ship |
| 4:36 | Create | Fishing Ship |
| 4:49 | Build | Palisade Wall |
| 4:54 | Create | Villager (Male) |
| 4:55 | Create | Villager (Male) |
| 5:21 | Create | Villager (Male) |
| 5:21 | Create | Villager (Male) |
| 5:31 | Build | House |
| 5:48 | Create | Villager (Male) |
| 5:48 | Create | Villager (Male) |
| 6:08 | Create | Villager (Male) |
| 6:08 | Create | Villager (Male) |
| 6:28 | Create | Villager (Male) |
| 6:28 | Create | Villager (Male) |
| 6:43 | Create | Fishing Ship |
| 6:43 | Create | Fishing Ship |
| 6:49 | Build | House |
| 6:54 | Create | Villager (Male) |
| 6:54 | Create | Villager (Male) |
| 7:20 | Build | House |
| 7:21 | Create | Villager (Male) |
| 7:33 | Create | Fishing Ship |
| 7:34 | Create | Fishing Ship |
| 7:35 | Create | Villager (Male) |
| 7:52 | Create | Villager (Male) |
| 7:52 | Create | Villager (Male) |
| 8:10 | Create | Fishing Ship |
| 8:10 | Create | Fishing Ship |
| 8:37 | Create | Villager (Male) |
| 8:38 | Create | Villager (Male) |
| 9:01 | Create | Fishing Ship |
| 9:01 | Create | Fishing Ship |
| 9:07 | Create | Villager (Male) |
| 9:07 | Create | Villager (Male) |
| 9:08 | Create | Villager (Male) |
| 9:08 | Create | Villager (Male) |
| 9:22 | Build | House |
| 9:25 | Create | Villager (Male) |
| 9:32 | Create | Villager (Male) |
| 9:54 | Create | Fishing Ship |
| 9:58 | Create | Villager (Male) |
| 10:18 | Create | Fishing Ship |
| 10:24 | Build | House |
| 10:54 | Create | Villager (Male) |
| 11:22 | Build | Mill |
| 11:59 | Build | Mining Camp |
| 12:01 | Research | Feudal Age |
| 12:01 | Research | Feudal Age |
| 12:04 | Create | Villager (Male) |
| 12:06 | Research | Feudal Age |
| 13:32 | Create | Villager (Male) |
| 13:32 | Create | Villager (Male) |
| 14:47 | Age | Feudal Age |
| 14:59 | Build | Market |
| 15:01 | Build | Blacksmith |
| 15:21 | Create | Unit 2626 |
| 15:21 | Create | Unit 2626 |
| 15:44 | Research | Castle Age |
| 15:44 | Research | Castle Age |
| 16:36 | Build | House |
| 17:15 | Build | Palisade Wall |
| 17:41 | Create | Unit 2626 |
| 17:42 | Create | Unit 2626 |
| 18:24 | Age | Castle Age |
| 18:31 | Create | Villager (Male) |
| 18:34 | Build | Town Center |
| 18:36 | Create | Villager (Male) |
| 18:37 | Build | Town Center |
| 18:54 | Research | War Galley (upgrade) |
| 18:54 | Research | War Galley (upgrade) |
| 18:55 | Create | Villager (Male) |
| 19:13 | Create | Unit 2626 |
| 19:24 | Build | Farm |
| 19:25 | Create | Villager (Male) |
| 19:27 | Research | Horse Collar |
| 19:28 | Research | Horse Collar |
| 19:29 | Create | Villager (Male) |
| 19:30 | Build | Farm |
| 19:30 | Build | Farm |
| 19:30 | Build | Farm |
| 19:31 | Build | Farm |
| 19:31 | Build | Farm |
| 19:31 | Build | Farm |
| 19:31 | Build | Farm |
| 19:31 | Build | Farm |
| 20:11 | Create | Villager (Male) |
| 20:15 | Create | Villager (Male) |
| 20:15 | Create | Villager (Male) |
| 20:21 | Create | Villager (Male) |
| 20:47 | Create | Villager (Male) |
| 20:54 | Create | Villager (Male) |
| 20:54 | Create | Villager (Male) |
| 21:05 | Create | Villager (Male) |
| 21:36 | Create | Villager (Male) |
| 21:37 | Create | Villager (Male) |
| 21:37 | Create | Villager (Male) |
| 21:39 | Build | House |
| 21:40 | Build | House |
| 21:48 | Build | Palisade Wall |
| 21:51 | Build | Palisade Wall |
| 22:00 | Create | Villager (Male) |
| 22:01 | Create | Villager (Male) |
| 22:04 | Build | House |
| 22:12 | Build | House |
| 22:14 | Create | Villager (Male) |
| 22:16 | Build | House |
| 22:20 | Build | Farm |
| 22:24 | Build | Lumber Camp |
| 22:27 | Build | Farm |
| 22:27 | Build | Farm |
| 22:28 | Build | Farm |
| 22:29 | Build | Farm |
| 22:29 | Create | Villager (Male) |
| 22:39 | Create | Fire Galley |
| 22:39 | Create | Fire Galley |
| 22:40 | Create | Villager (Male) |
| 22:43 | Build | Farm |
| 22:43 | Create | Villager (Male) |
| 22:44 | Create | Villager (Male) |
| 22:59 | Build | House |
| 23:21 | Build | Town Center |
| 23:23 | Create | Villager (Male) |
| 23:23 | Create | Villager (Male) |
| 23:28 | Build | House |
| 23:34 | Create | Villager (Male) |
| 23:42 | Create | Fire Galley |
| 23:43 | Create | Fishing Ship |
| 23:43 | Create | Unit 2626 |
| 23:45 | Create | Villager (Male) |
| 24:01 | Build | Dock |
| 24:02 | Create | Villager (Male) |
| 24:10 | Research | Double-Bit Axe |
| 24:10 | Research | Double-Bit Axe |
| 24:10 | Research | Double-Bit Axe |
Build order — GingerSnap57
First 150 of 279 actions detected
| 0:17 | Build | Town Center |
| 1:25 | Build | Palisade Wall |
| 1:29 | Build | Palisade Wall |
| 1:56 | Build | House |
| 2:35 | Build | Palisade Wall |
| 2:36 | Create | Villager (Male) |
| 2:36 | Create | Villager (Male) |
| 2:37 | Create | Villager (Male) |
| 2:41 | Build | Palisade Wall |
| 2:52 | Build | House |
| 2:55 | Create | Villager (Male) |
| 2:55 | Create | Villager (Male) |
| 3:06 | Build | Palisade Wall |
| 3:07 | Build | Palisade Wall |
| 3:32 | Build | House |
| 3:50 | Research | Loom |
| 3:56 | Build | Palisade Wall |
| 4:21 | Build | Palisade Wall |
| 4:43 | Build | Palisade Wall |
| 4:44 | Build | Palisade Wall |
| 4:45 | Create | Villager (Male) |
| 4:45 | Create | Villager (Male) |
| 5:05 | Build | Dock |
| 5:44 | Create | Fishing Ship |
| 5:44 | Create | Fishing Ship |
| 6:00 | Create | Villager (Male) |
| 6:01 | Create | Villager (Male) |
| 6:28 | Create | Villager (Male) |
| 6:29 | Create | Villager (Male) |
| 6:45 | Create | Villager (Male) |
| 6:58 | Build | House |
| 7:20 | Create | Villager (Male) |
| 7:24 | Create | Fishing Ship |
| 7:25 | Create | Fishing Ship |
| 7:40 | Create | Villager (Male) |
| 7:40 | Create | Villager (Male) |
| 7:56 | Create | Villager (Male) |
| 8:11 | Create | Fishing Ship |
| 8:11 | Create | Fishing Ship |
| 8:28 | Create | Villager (Male) |
| 8:28 | Create | Villager (Male) |
| 8:40 | Create | Fishing Ship |
| 8:40 | Create | Fishing Ship |
| 8:56 | Create | Villager (Male) |
| 8:56 | Create | Villager (Male) |
| 9:00 | Build | House |
| 9:27 | Create | Villager (Male) |
| 9:27 | Create | Villager (Male) |
| 9:29 | Create | Villager (Male) |
| 9:30 | Create | Villager (Male) |
| 10:00 | Build | Mill |
| 10:07 | Create | Villager (Male) |
| 11:15 | Research | Feudal Age |
| 11:20 | Build | Mining Camp |
| 12:17 | Build | Dock |
| 12:33 | Age | Feudal Age |
| 12:34 | Create | Fire Galley |
| 12:38 | Build | House |
| 12:39 | Create | Villager (Male) |
| 12:39 | Create | Villager (Male) |
| 12:40 | Create | Villager (Male) |
| 12:40 | Create | Villager (Male) |
| 12:42 | Create | Villager (Male) |
| 12:42 | Create | Villager (Male) |
| 13:01 | Create | Unit 2626 |
| 13:01 | Create | Unit 2626 |
| 13:09 | Research | Town Watch |
| 13:19 | Build | House |
| 13:35 | Create | Unit 2626 |
| 13:44 | Build | House |
| 13:44 | Create | Villager (Male) |
| 13:45 | Create | Villager (Male) |
| 13:45 | Create | Villager (Male) |
| 14:28 | Create | Villager (Male) |
| 14:29 | Create | Villager (Male) |
| 14:33 | Create | Fire Galley |
| 14:33 | Create | Fire Galley |
| 14:42 | Create | Unit 2626 |
| 14:43 | Create | Unit 2626 |
| 14:47 | Create | Villager (Male) |
| 14:47 | Create | Villager (Male) |
| 14:47 | Create | Villager (Male) |
| 14:47 | Create | Villager (Male) |
| 14:52 | Build | Mill |
| 15:03 | Build | Palisade Wall |
| 15:07 | Build | Palisade Wall |
| 15:08 | Build | Palisade Wall |
| 15:20 | Build | Palisade Wall |
| 15:22 | Build | Palisade Wall |
| 15:25 | Build | Palisade Wall |
| 15:29 | Create | Villager (Male) |
| 15:29 | Create | Villager (Male) |
| 15:54 | Build | House |
| 16:16 | Create | Villager (Male) |
| 16:16 | Create | Villager (Male) |
| 16:17 | Build | House |
| 16:47 | Create | Fire Galley |
| 16:47 | Create | Fire Galley |
| 16:50 | Create | Unit 2626 |
| 16:50 | Create | Unit 2626 |
| 16:51 | Create | Villager (Male) |
| 16:51 | Create | Villager (Male) |
| 16:51 | Create | Villager (Male) |
| 16:56 | Build | Market |
| 17:18 | Build | House |
| 17:35 | Create | Villager (Male) |
| 17:50 | Build | House |
| 17:55 | Create | Galley |
| 17:55 | Create | Galley |
| 17:59 | Create | Villager (Male) |
| 17:59 | Create | Villager (Male) |
| 18:17 | Build | Mining Camp |
| 20:28 | Create | Villager (Male) |
| 20:36 | Build | Blacksmith |
| 20:57 | Research | Castle Age |
| 20:58 | Research | Castle Age |
| 21:04 | Build | Lumber Camp |
| 22:05 | Build | Lumber Camp |
| 22:30 | Create | Villager (Male) |
| 22:33 | Age | Castle Age |
| 22:34 | Build | Farm |
| 23:31 | Build | Mill |
| 23:49 | Create | Villager (Male) |
| 23:50 | Create | Villager (Male) |
| 23:50 | Create | Villager (Male) |
| 24:55 | Create | Villager (Male) |
| 24:56 | Create | Villager (Male) |
| 24:56 | Create | Villager (Male) |
| 24:58 | Build | Farm |
| 24:59 | Build | Farm |
| 26:12 | Create | Villager (Male) |
| 26:23 | Build | Farm |
| 26:26 | Build | Farm |
| 26:42 | Build | House |
| 26:47 | Build | Farm |
| 27:24 | Build | Farm |
| 27:40 | Build | Lumber Camp |
| 27:47 | Create | Villager (Male) |
| 27:48 | Create | Villager (Male) |
| 28:16 | Create | Villager (Male) |
| 28:16 | Create | Villager (Male) |
| 28:45 | Build | Farm |
| 28:51 | Create | Villager (Male) |
| 28:51 | Create | Villager (Male) |
| 28:57 | Build | Farm |
| 29:00 | Build | Farm |
| 29:08 | Build | Farm |
| 29:23 | Build | Farm |
| 29:24 | Create | Villager (Male) |
| 29:24 | Create | Villager (Male) |
Build order — Hágamelo Llegar
First 150 of 456 actions detected
| 0:10 | Build | Town Center |
| 1:07 | Build | Dock |
| 1:09 | Build | House |
| 2:36 | Create | Villager (Male) |
| 2:36 | Create | Villager (Male) |
| 2:36 | Create | Villager (Male) |
| 2:37 | Create | Villager (Male) |
| 3:40 | Create | Fishing Ship |
| 3:40 | Create | Fishing Ship |
| 4:09 | Create | Villager (Male) |
| 4:09 | Create | Villager (Male) |
| 4:34 | Build | House |
| 4:39 | Create | Villager (Male) |
| 5:05 | Create | Villager (Male) |
| 5:06 | Create | Villager (Male) |
| 5:06 | Create | Villager (Male) |
| 5:23 | Create | Villager (Male) |
| 5:54 | Create | Villager (Male) |
| 5:54 | Create | Villager (Male) |
| 5:58 | Create | Fishing Ship |
| 5:58 | Create | Fishing Ship |
| 6:02 | Build | House |
| 6:22 | Create | Villager (Male) |
| 6:41 | Create | Fishing Ship |
| 6:55 | Create | Villager (Male) |
| 6:55 | Create | Villager (Male) |
| 6:55 | Create | Villager (Male) |
| 7:13 | Build | House |
| 7:18 | Create | Villager (Male) |
| 7:18 | Create | Villager (Male) |
| 7:18 | Create | Villager (Male) |
| 7:18 | Create | Villager (Male) |
| 7:38 | Create | Fishing Ship |
| 7:38 | Create | Fishing Ship |
| 8:03 | Create | Villager (Male) |
| 8:03 | Create | Villager (Male) |
| 8:04 | Create | Villager (Male) |
| 8:04 | Create | Villager (Male) |
| 8:05 | Create | Villager (Male) |
| 8:33 | Create | Fishing Ship |
| 8:36 | Create | Villager (Male) |
| 8:36 | Create | Villager (Male) |
| 8:36 | Create | Villager (Male) |
| 8:46 | Build | Mill |
| 8:54 | Create | Villager (Male) |
| 8:55 | Create | Villager (Male) |
| 9:16 | Create | Villager (Male) |
| 9:16 | Create | Villager (Male) |
| 9:16 | Create | Villager (Male) |
| 9:17 | Create | Villager (Male) |
| 9:17 | Create | Villager (Male) |
| 9:17 | Create | Villager (Male) |
| 9:52 | Build | Mule Cart |
| 9:56 | Research | Loom |
| 10:02 | Build | House |
| 10:11 | Create | Fishing Ship |
| 10:22 | Create | Villager (Male) |
| 10:53 | Create | Villager (Male) |
| 11:09 | Research | Feudal Age |
| 11:09 | Research | Feudal Age |
| 11:18 | Create | Fishing Ship |
| 12:22 | Build | Outpost |
| 12:29 | Build | Outpost |
| 13:18 | Create | Villager (Male) |
| 13:18 | Create | Villager (Male) |
| 13:28 | Age | Feudal Age |
| 13:31 | Build | Market |
| 14:00 | Research | Wheelbarrow |
| 14:00 | Research | Wheelbarrow |
| 14:19 | Build | Mule Cart |
| 14:22 | Create | Villager (Male) |
| 14:28 | Build | Palisade Wall |
| 14:36 | Build | Palisade Wall |
| 14:38 | Build | Palisade Wall |
| 14:40 | Create | Villager (Male) |
| 14:53 | Build | Palisade Wall |
| 15:11 | Build | Mule Cart |
| 15:30 | Build | House |
| 15:35 | Research | Town Watch |
| 15:41 | Build | House |
| 16:02 | Create | Villager (Male) |
| 16:03 | Create | Villager (Male) |
| 16:16 | Create | Unit 2626 |
| 16:29 | Build | Blacksmith |
| 16:49 | Create | Unit 2626 |
| 16:52 | Create | Villager (Male) |
| 17:05 | Build | Outpost |
| 17:07 | Build | Outpost |
| 17:11 | Research | Double-Bit Axe |
| 17:16 | Research | Castle Age |
| 17:16 | Research | Castle Age |
| 17:16 | Research | Castle Age |
| 17:19 | Build | House |
| 17:52 | Build | House |
| 18:08 | Build | House |
| 18:18 | Research | Gold Mining |
| 18:18 | Research | Gold Mining |
| 18:20 | Research | Horse Collar |
| 18:20 | Research | Horse Collar |
| 19:37 | Create | Villager (Male) |
| 19:38 | Create | Villager (Male) |
| 19:57 | Age | Castle Age |
| 20:02 | Build | Town Center |
| 20:16 | Build | Town Center |
| 20:31 | Research | Bow Saw |
| 20:31 | Research | Bow Saw |
| 20:40 | Create | Villager (Male) |
| 20:58 | Research | Heavy Plow |
| 21:01 | Create | Villager (Male) |
| 21:21 | Create | Villager (Male) |
| 21:34 | Create | Villager (Male) |
| 21:44 | Build | House |
| 21:46 | Build | House |
| 21:51 | Build | House |
| 21:52 | Create | Villager (Male) |
| 21:53 | Create | Villager (Male) |
| 22:00 | Build | Town Center |
| 22:01 | Create | Villager (Male) |
| 22:13 | Build | House |
| 22:18 | Create | Villager (Male) |
| 22:19 | Create | Villager (Male) |
| 22:19 | Create | Villager (Male) |
| 22:20 | Create | Villager (Male) |
| 22:31 | Build | Monastery |
| 22:38 | Build | House |
| 22:40 | Create | Villager (Male) |
| 22:40 | Create | Villager (Male) |
| 22:41 | Create | Villager (Male) |
| 22:51 | Create | Villager (Male) |
| 22:59 | Build | House |
| 23:04 | Build | House |
| 23:06 | Build | Palisade Wall |
| 23:07 | Build | Palisade Wall |
| 23:14 | Create | Villager (Male) |
| 23:15 | Create | Villager (Male) |
| 23:25 | Build | Monastery |
| 23:28 | Create | Villager (Male) |
| 23:30 | Build | Farm |
| 23:40 | Build | Mill |
| 23:46 | Create | Villager (Male) |
| 23:49 | Build | Farm |
| 23:49 | Build | Farm |
| 23:55 | Create | Villager (Male) |
| 23:55 | Create | Villager (Male) |
| 23:56 | Create | Villager (Male) |
| 23:59 | Create | Monk |
| 24:06 | Build | Farm |
| 24:07 | Build | Farm |
| 24:10 | Build | Farm |
| 24:14 | Create | Villager (Male) |
Match timeline
| 0:42 | El Relojón · first_building Dock |
| 1:07 | Hágamelo Llegar · first_building Dock |
| 1:19 | NuMa | Toth · first_building Dock |
| 1:25 | GingerSnap57 · wall_segment Palisade Wall x1 |
| 1:29 | GingerSnap57 · wall_segment Palisade Wall x1 |
| 1:38 | Matzeking · first_building Dock |
| 1:55 | Eärnur · first_building Dock |
| 2:16 | El Relojón · wall_segment Palisade Wall x1 |
| 2:20 | El Relojón · wall_segment Palisade Wall x1 |
| 2:25 | El Relojón · wall_segment Palisade Wall x1 |
| 2:35 | GingerSnap57 · wall_segment Palisade Wall x1 |
| 2:41 | GingerSnap57 · wall_segment Palisade Wall x1 |
| 2:52 | El Relojón · wall_segment Palisade Wall x1 |
| 3:06 | GingerSnap57 · wall_segment Palisade Wall x1 |
| 3:07 | GingerSnap57 · wall_segment Palisade Wall x1 |
| 3:56 | GingerSnap57 · wall_segment Palisade Wall x1 |
| 4:21 | GingerSnap57 · wall_segment Palisade Wall x1 |
| 4:43 | GingerSnap57 · wall_segment Palisade Wall x1 |
| 4:44 | GingerSnap57 · wall_segment Palisade Wall x1 |
| 4:49 | El Relojón · wall_segment Palisade Wall x1 |
| 5:05 | GingerSnap57 · first_building Dock |
| 12:33 | GingerSnap57 · age_up feudal |
| 12:56 | Eärnur · age_up feudal |
| 13:28 | Hágamelo Llegar · age_up feudal |
| 13:53 | NuMa | Toth · age_up feudal |
| 14:19 | Matzeking · age_up feudal |
| 14:28 | Hágamelo Llegar · wall_segment Palisade Wall x5 |
| 14:36 | Hágamelo Llegar · wall_segment Palisade Wall x3 |
| 14:38 | Hágamelo Llegar · wall_segment Palisade Wall x11 |
| 14:47 | El Relojón · age_up feudal |
| 14:53 | Hágamelo Llegar · wall_segment Palisade Wall x12 |
| 15:03 | GingerSnap57 · wall_segment Palisade Wall x1 |
| 15:07 | GingerSnap57 · wall_segment Palisade Wall x1 |
| 15:08 | GingerSnap57 · wall_segment Palisade Wall x1 |
| 15:20 | GingerSnap57 · wall_segment Palisade Wall x1 |
| 15:22 | GingerSnap57 · wall_segment Palisade Wall x1 |
| 15:25 | GingerSnap57 · wall_segment Palisade Wall x1 |
| 16:34 | Eärnur · age_up castle |
| 17:15 | El Relojón · wall_segment Palisade Wall x1 |
| 17:24 | Eärnur · first_market_buy 100 wood |
| 17:25 | NuMa | Toth · age_up castle |
| 17:29 | Matzeking · wall_segment Stone Wall x8 |
| 17:37 | NuMa | Toth · first_building Castle |
| 18:06 | NuMa | Toth · first_market_buy 100 wood |
| 18:24 | El Relojón · age_up castle |
| 18:45 | GingerSnap57 · first_market_sell 100 stone |
| 18:51 | GingerSnap57 · first_market_buy 100 food |
| 19:52 | Matzeking · first_market_buy 100 stone |
| 19:55 | Matzeking · age_up castle |
| 19:57 | Hágamelo Llegar · age_up castle |
| 20:17 | Eärnur · first_building Monastery |
| 20:49 | Matzeking · first_building Castle |
| 21:48 | El Relojón · wall_segment Palisade Wall x1 |
| 21:51 | El Relojón · wall_segment Palisade Wall x1 |
| 21:55 | Matzeking · first_market_sell 100 wood |
| 21:59 | Eärnur · first_building Barracks |
| 22:00 | NuMa | Toth · first_building Siege Workshop |
| 22:06 | Matzeking · first_building Siege Workshop |
| 22:31 | Hágamelo Llegar · first_building Monastery |
| 22:33 | GingerSnap57 · age_up castle |
| 22:38 | El Relojón · first_market_buy 100 wood |
| 23:01 | Eärnur · first_building Stable |
| 23:06 | Hágamelo Llegar · wall_segment Palisade Wall x1 |
| 23:07 | Hágamelo Llegar · wall_segment Palisade Wall x1 |
| 23:48 | Eärnur · first_building Krepost |
| 23:54 | Hágamelo Llegar · first_market_buy 100 food |
| 25:06 | Hágamelo Llegar · first_building Siege Workshop |
| 25:20 | Eärnur · first_market_sell 100 wood |
| 25:54 | Eärnur · first_building Castle |
| 27:19 | Eärnur · wall_segment Palisade Wall x1 |
| 27:58 | Hágamelo Llegar · wall_segment Palisade Wall x1 |
| 28:34 | El Relojón · wall_segment Palisade Wall x5 |
| 28:35 | El Relojón · wall_segment Palisade Wall x7 |
| 28:36 | Hágamelo Llegar · first_building Barracks |
| 29:59 | Hágamelo Llegar · first_building Archery Range |
| 30:33 | Hágamelo Llegar · wall_segment Stone Wall x1 |
| 30:52 | El Relojón · first_building Castle |
| 31:15 | El Relojón · first_market_sell 100 food |
| 31:38 | Hágamelo Llegar · first_building Castle |
| 32:22 | Eärnur · age_up imperial |
| 32:36 | Matzeking · first_building Barracks |
| 32:56 | NuMa | Toth · first_building Barracks |
| 33:28 | GingerSnap57 · tribute_sent a jugador 1 |
| 33:28 | GingerSnap57 · tribute_sent a jugador 2 |
| 33:28 | GingerSnap57 · tribute_sent a jugador 3 |
| 33:28 | GingerSnap57 · tribute_sent a jugador 4 |
| 33:28 | GingerSnap57 · tribute_sent a jugador 6 |
| 34:02 | GingerSnap57 · tribute_sent a jugador 1 |
| 34:02 | GingerSnap57 · tribute_sent a jugador 2 |
| 34:02 | GingerSnap57 · tribute_sent a jugador 3 |
| 34:02 | GingerSnap57 · tribute_sent a jugador 4 |
| 34:02 | GingerSnap57 · tribute_sent a jugador 6 |
| 34:23 | Hágamelo Llegar · age_up imperial |
| 34:28 | GingerSnap57 · tribute_sent a jugador 1 |
| 34:28 | GingerSnap57 · tribute_sent a jugador 2 |
| 34:28 | GingerSnap57 · tribute_sent a jugador 3 |
| 34:28 | GingerSnap57 · tribute_sent a jugador 4 |
| 34:28 | GingerSnap57 · tribute_sent a jugador 6 |
| 34:48 | GingerSnap57 · tribute_sent a jugador 1 |
| 34:48 | GingerSnap57 · tribute_sent a jugador 2 |
| 34:48 | GingerSnap57 · tribute_sent a jugador 3 |
| 34:48 | GingerSnap57 · tribute_sent a jugador 4 |
| 34:48 | GingerSnap57 · tribute_sent a jugador 6 |
| 35:27 | Matzeking · age_up imperial |
| 35:29 | El Relojón · age_up imperial |
| 35:36 | El Relojón · first_building Barracks |
| 35:40 | GingerSnap57 · wall_segment Palisade Wall x1 |
| 35:44 | NuMa | Toth · age_up imperial |
| 35:51 | GingerSnap57 · tribute_sent a jugador 1 |
| 35:51 | GingerSnap57 · tribute_sent a jugador 2 |
| 35:51 | GingerSnap57 · tribute_sent a jugador 3 |
| 35:51 | GingerSnap57 · tribute_sent a jugador 4 |
| 35:51 | GingerSnap57 · tribute_sent a jugador 6 |
| 35:52 | NuMa | Toth · first_market_sell 100 wood |
| 36:20 | GingerSnap57 · tribute_sent a jugador 1 |
| 36:20 | GingerSnap57 · tribute_sent a jugador 2 |
| 36:20 | GingerSnap57 · tribute_sent a jugador 3 |
| 36:20 | GingerSnap57 · tribute_sent a jugador 4 |
| 36:20 | GingerSnap57 · tribute_sent a jugador 6 |
| 37:13 | Matzeking · first_building Archery Range |
| 37:17 | GingerSnap57 · first_building Barracks |
| 37:36 | Hágamelo Llegar · first_building Stable |
| 38:15 | GingerSnap57 · first_building Archery Range |
| 40:32 | NuMa | Toth · wall_segment Stone Wall x1 |
| 40:33 | NuMa | Toth · wall_segment Stone Wall x1 |
| 40:33 | NuMa | Toth · wall_segment Stone Wall x1 |
| 40:34 | NuMa | Toth · wall_segment Stone Wall x1 |
| 40:34 | NuMa | Toth · wall_segment Stone Wall x1 |
| 41:33 | El Relojón · wall_segment Stone Wall x1 |
| 41:45 | El Relojón · wall_segment Stone Wall x1 |
| 41:48 | El Relojón · wall_segment Stone Wall x1 |
| 41:59 | El Relojón · wall_segment Stone Wall x1 |
| 42:00 | El Relojón · wall_segment Stone Wall x1 |
| 43:13 | Eärnur · resign |
[ AI ANALYSIS · 1 CREDIT ]
What really happened in this match?
Wolo.gg analyzes every decision: build order, eco, micro, common mistakes by bracket. Personalized analysis on WhatsApp or Discord in 30 seconds.
Civ guide
Bulgarians
Perfil
Jugador #5151558